 Dungeon Crawl Stone Soup version 0.31-a0-214-gb37851dbb3 (webtiles) character file.

Game seed: 7568587634864023198

611 qw the Chopper (level 7, -5/43 HPs)
             Began as a Gargoyle Fighter on July 1, 2023.
             Slain by Prince Ribbit (9 damage)
             ... on level 5 of the Dungeon.
             The game lasted 00:01:46 (3211 turns).

qw the Chopper (Gargoyle Fighter)                   Turns: 3211, Time: 00:01:46

Health: -5/43      AC: 12    Str: 27    XL:     7   Next: 44%
Magic:  7/7        EV: 10    Int:  9    God:
Gold:   229        SH:  6    Dex:  9    Spells: 6/6 levels left

rFire   . . .        Y - +1 war axe
rCold   . . .        n - +2 buckler
rNeg    + . .        b - +0 scale mail
rPois   inf          (no helmet)
rElec   +            (no cloak)
rCorr   .            l - +0 pair of gloves
SInv    +            (no boots)
Will    .....        (no amulet) Stlth
                     h - +6 ring of strength
HPRegen 0.27/turn    j - ring of see invisible
MPRegen 0.10/turn

%: no passive effects
@: no status effects
A: sickness immunity, AC +4, negative energy resistance 1, electricity
resistance, torment resistance 1, petrification resistance
a: no special abilities


You were on level 5 of the Dungeon.
You visited 1 branch of the dungeon, and saw 6 of its levels.

You collected 229 gold pieces.


Innate Abilities, Weirdness & Mutations

You are immune to sickness and miasma.
Your stone body is resilient. (AC +4)
You are immune to poison.
You resist negative energy. (rN+)
You are resistant to electric shocks. (rElec)
You are resistant to unholy torment.
You are immune to petrification.


   Skills:
 - Level 4.1 Fighting
 + Level 6.6 Axes
 - Level 3.2 Armour
 - Level 1.8 Dodging
 - Level 3.2 Shields


You had 6 spell levels left.
You didn't know any spells.
Your spell library was empty.

Inventory:

Hand Weapons
 i - a +0 morningstar
 Y - a +1 war axe (weapon)
Armour
 b - a +0 scale mail (worn)
 l - a +0 pair of gloves (worn)
 n - a +2 buckler (worn)
Jewellery
 f - a ring of protection from cold
 h - a +6 ring of strength (left hand)
 j - a ring of see invisible (right hand)
Scrolls
 g - a scroll of identify
Potions
 a - a potion of lignification
 d - a potion of might
 e - a potion of enlightenment
 k - a potion of magic

Dungeon Overview and Level Annotations

Branches:
Dungeon (6/15)
 Temple: D:4-7

Altars:

Annotations:
D:5 Prince Ribbit


Message History

Prince Ribbit hops awkwardly around.
You hit the iguana.
The iguana is heavily wounded.
You barely miss the ufetubus.
You block the ufetubus's attack. x2; The ufetubus hits you.
The ufetubus closely misses you. The iguana misses you.
You slash the iguana!
The iguana is almost dead.
You closely miss the ufetubus. The ufetubus hits you.
You block the ufetubus's attack. x2
The ufetubus closely misses you. The iguana misses you.
You slash the iguana!
You kill the iguana!
You miss Prince Ribbit. You hit the ufetubus.
Prince Ribbit blinks!
You block the ufetubus's attack. x2
The ufetubus misses you.
The ufetubus hits you but does no damage.
You closely miss the ufetubus.
The ufetubus is moderately wounded.
The ufetubus barely misses you. You block the ufetubus's attack.
Prince Ribbit blinks!
The ufetubus closely misses you.
The ufetubus hits you but does no damage.
You miss the ufetubus.
The ufetubus is moderately wounded.
The ufetubus completely misses you. You block the ufetubus's attack.
You slash the ufetubus!
You kill the ufetubus!
You start resting.
Prince Ribbit is nearby!
You miss Prince Ribbit.
Prince Ribbit is moderately wounded.
Prince Ribbit hits you!
Prince Ribbit blinks!
Prince Ribbit blinks!
Prince Ribbit blinks!
Prince Ribbit catches a centipede with his tongue.
Prince Ribbit barely misses you.
You miss Prince Ribbit.
Prince Ribbit is moderately wounded.
Prince Ribbit hits you!
You die...

...............
...............
................
................
.....<.........#.
....................
..........F.......#
..........@.......#.
....................
....).............#.
.............)......
....................
.......>............
.........%..........
##..##.#.#.#.#.#.#..
... $...............


You could see Prince Ribbit.

Vanquished Creatures
  A black bear (D:4)
  A centaur (D:5)
  An ogre (D:4)
  A phantom (D:4)
  A scorpion (D:3)
  An orc priest (D:3)
  An iguana (D:5)
  An orc wizard (D:3)
  3 adders
  4 gnolls (D:3)
  An ufetubus (D:5)
  A worm (D:4)
  7 orcs (D:3)
  7 endoplasms
  3 giant cockroaches
  6 hobgoblins
  2 jackals (D:3)
  5 quokkas
  4 ball pythons
  7 bats
  4 frilled lizards
  8 goblins
  6 kobolds
  6 rats
82 creatures vanquished.

Notes
Turn   | Place    | Note
-------+----------+-------------------------------------------
     0 | D:1      | qw the Gargoyle Fighter began the quest for the Orb.
     0 | D:1      | Reached XP level 1. HP: 14/14 MP: 1/1
     0 | D:1      | 0 ||| qw: Version: 0.3-a-32-g5962c71
     0 | D:1      | 0 ||| qw: Game counter: 7636
     0 | D:1      | 0 ||| qw: Melee chars always use a shield: true
     0 | D:1      | 0 ||| qw: God list: Okawaru
     0 | D:1      | 0 ||| qw: Allow faded altars: false
     0 | D:1      | 0 ||| qw: Do Orc after clearing Dungeon:15 true
     0 | D:1      | 0 ||| qw: Do second Lair branch before Depths: true
     0 | D:1      | 0 ||| qw: Lair rune preference: random
     0 | D:1      | 0 ||| qw: Goals: Normal, Zot:1-4, Slime:5, God:TSO, Crypt,
                  | Tomb, Abyss, Pan, Hells, Win
     0 | D:1      | 0 ||| PLANNING D:1-11
     3 | D:1      | Noticed an electric eel
     4 | D:1      | Noticed an electric eel
    99 | D:1      | Reached skill level 2 in Axes
   142 | D:1      | 142 ||| DROPPING +0 club.
   188 | D:1      | Reached XP level 2. HP: 19/19 MP: 2/2
   295 | D:1      | 295 ||| Stepping ~*~*~tactically~*~*~ (stealth).
   571 | D:1      | Reached skill level 3 in Axes
   650 | D:1      | Reached XP level 3. HP: 22/23 MP: 3/3
   668 | D:1      | 668 ||| Stepping ~*~*~tactically~*~*~ (stealth).
   925 | D:1      | 925 ||| UPGRADING to ring of see invisible.
   926 | D:1      | 926 ||| UPGRADING to ring of protection from cold.
   927 | D:1      | 927 ||| READING scroll labelled SEFOMU XINILY.
   932 | D:1      | 932 ||| READING scroll labelled XAFEENG TUETEA.
   970 | D:2      | 970 ||| Stepping ~*~*~tactically~*~*~ (stealth).
   982 | D:2      | 982 ||| Stepping ~*~*~tactically~*~*~ (stealth).
   988 | D:2      | 988 ||| Stepping ~*~*~tactically~*~*~ (stealth).
  1001 | D:2      | 1001 ||| Stepping ~*~*~tactically~*~*~ (stealth).
  1055 | D:2      | 1055 ||| Stepping ~*~*~tactically~*~*~ (stealth).
  1109 | D:2      | 1109 ||| Stepping ~*~*~tactically~*~*~ (hiding).
  1110 | D:2      | 1110 ||| Stepping ~*~*~tactically~*~*~ (hiding).
  1111 | D:2      | 1111 ||| Stepping ~*~*~tactically~*~*~ (hiding).
  1112 | D:2      | 1112 ||| Stepping ~*~*~tactically~*~*~ (hiding).
  1114 | D:2      | 1114 ||| Stepping ~*~*~tactically~*~*~ (hiding).
  1116 | D:2      | 1116 ||| Stepping ~*~*~tactically~*~*~ (hiding).
  1168 | D:2      | 1168 ||| Stepping ~*~*~tactically~*~*~ (stealth).
  1245 | D:2      | 1245 ||| Stepping ~*~*~tactically~*~*~ (stealth).
  1489 | D:2      | 1489 ||| UPGRADING to +0 pair of gloves.
  1494 | D:2      | 1494 ||| UPGRADING to +2 buckler.
  1504 | D:2      | 1504 ||| DROPPING +0 buckler.
  1505 | D:2      | 1505 ||| UPGRADING to +6 ring of strength.
  1507 | D:2      | 1507 ||| UPGRADING to ring of see invisible.
  1509 | D:2      | 1509 ||| READING scroll labelled BISTRYAMPEF.
  1510 | D:2      | 1510 ||| READING scroll labelled PIFEUC ECOLI.
  1704 | D:3      | Identified the +2 long sword of Agony {elec, Int+6}
  1709 | D:3      | 1709 ||| Stepping ~*~*~tactically~*~*~ (stealth).
  1742 | D:3      | Reached skill level 4 in Axes
  1742 | D:3      | Reached XP level 4. HP: 24/28 MP: 4/4
  1742 | D:3      | 1742 ||| FLEEEEING.
  1743 | D:3      | 1743 ||| FLEEEEING.
  1744 | D:3      | 1744 ||| FLEEEEING.
  1745 | D:3      | 1745 ||| FLEEEEING.
  1754 | D:3      | 1754 ||| FLEEEEING.
  1755 | D:3      | 1755 ||| FLEEEEING.
  1756 | D:3      | 1756 ||| FLEEEEING.
  1757 | D:3      | 1757 ||| FLEEEEING.
  1758 | D:3      | 1758 ||| FLEEEEING.
  1799 | D:3      | 1799 ||| DROPPING +0 mace.
  1907 | D:3      | 1907 ||| Stepping ~*~*~tactically~*~*~ (hiding).
  1908 | D:3      | 1908 ||| Stepping ~*~*~tactically~*~*~ (hiding).
  1916 | D:3      | Reached XP level 5. HP: 29/32 MP: 5/5
  2428 | D:3      | Reached skill level 5 in Axes
  2751 | D:3      | 2751 ||| READING 3 scrolls of identify.
  2751 | D:3      | 2751 ||| IDENTIFYING grey potion
  2752 | D:3      | 2752 ||| READING 2 scrolls of identify.
  2752 | D:3      | 2752 ||| IDENTIFYING lumpy clear potion
  2795 | D:4      | 2795 ||| DROPPING +0 mace of protection.
  2805 | D:4      | Noticed an ogre
  2815 | D:4      | Killed an ogre
  2816 | D:4      | Reached skill level 1 in Dodging
  2816 | D:4      | Reached XP level 6. HP: 29/37 MP: 6/6
  2868 | D:4      | 2868 ||| FLEEEEING.
  3019 | D:4      | Noticed a black bear
  3032 | D:4      | Killed a black bear
  3033 | D:4      | Reached skill level 6 in Axes
  3033 | D:4      | Reached XP level 7. HP: 32/43 MP: 7/7
  3055 | D:4      | 3055 ||| Stepping ~*~*~tactically~*~*~ (stealth).
  3072 | D:4      | You fall into a shaft and drop 2 floors!
  3073 | D:6      | 3073 ||| READING 2 scrolls of identify.
  3073 | D:6      | 3073 ||| IDENTIFYING murky sapphire potion
  3077 | D:5      | Entered Level 5 of the Dungeon
  3180 | D:5      | Noticed Prince Ribbit
  3203 | D:5      | HP: 2/43 [Prince Ribbit (12)]
  3211 | D:5      | Slain by Prince Ribbit

Levels and vault maps discovered:
D:1:      arrival_aquarium_b, layout_basic, roderic_lattice_a
D:2:      layout_rooms
D:3:      layout_loops_corners, minmay_misc_feat_secret_circle,
          minmay_liquid_box
D:4:      layout_basic, chequers_decorated_corner
D:5:      layout_basic, minmay_temple_entry_purple_smoke, uniq_prince_ribbit1,
          uniq_blork_the_orc
D:6:      layout_rooms

Skill      XL: |  1  2  3  4  5  6 |
---------------+-------------------+-----
Axes           | 2 3 4 5 6 |  6.6
Dodging        | 1 |  1.8
Fighting       | 4 |  4.1
Armour         | |  3.2
Shields        | |  3.2

Action                     |  1- 3 |  4- 6 |  7- 9 || total
---------------------------+-------+-------+-------++-------
  Melee: War axe           |   126 |   100 |    34 ||   260
    Use: Scroll            |     4 |     2 |     1 ||     7
 Armour: Scale mail        |    57 |    51 |    18 ||   126
  Dodge: Dodged            |    57 |    34 |    20 ||   111
  Block: Buckler           |    23 |    41 |    21 ||    85

Table legend:
 A = Non-vault XP
 B = Vault XP
 C = Vault XP percentage of total XP
 D = Non-vault monster count
 E = Vault monster count
 F = Vault count percentage of total count
                 A         B        C        D         E       F
            +---------+---------+-------+---------+---------+-------
      Total |     874 |       0 |   0.0 |      82 |       0 |   0.0
            +---------+---------+-------+---------+---------+-------
        D:1 |      40 |       0 |   0.0 |      27 |       0 |   0.0
        D:2 |      20 |       0 |   0.0 |      14 |       0 |   0.0
        D:3 |     254 |       0 |   0.0 |      25 |       0 |   0.0
        D:4 |     376 |       0 |   0.0 |      11 |       0 |   0.0
        D:5 |     184 |       0 |   0.0 |       5 |       0 |   0.0
            +---------+---------+-------+---------+---------+-------
